AoeStats
← Schantiiniiii

Hideout

503242908Analyzed
3v3 RM · 1mo ago on Aug 30, 2026· 29m 28s· 6 players
Game mode
Random Map
Map size
Normal (6 player)
Population
200
Speed
Normal
Resources
Standard
Victory
Conquest
Starting age
Dark Age
Ending age
Imperial Age
RankedLock teamsTeams togetherTeam positionsShared explorationLock speedFull tech treeHidden civsTurbo modeCheats
Victory
Defeat
🇮🇹 Italians · Italy
1887
+8
🇮🇹 Lithuanians · Italy
1881
+8
🇮🇹 Spanish · Italy
1825
+10
🇩🇪 Vietnamese · Germany
1734
-10
🇨🇭 Slavs · Switzerland
1680
-8
🇩🇪 Bohemians · Germany
1659
-8
Pfienz
10:50 Feudal Age
14:24 Castle Age
12:27 Double-Bit Axe
12:41 Horse Collar
18:15 Loom
21:44 Wheelbarrow
24:14 Fletching
27:19 Gold Mining
31:05 Imperial Age
29:24 Bodkin Arrow
29:29 Padded Archer Armor
Schantiiniiii
8:34 Loom
10:40 Feudal Age
14:30 Castle Age
14:01 Fletching
15:58 Double-Bit Axe
16:27 Bodkin Arrow
20:52 Horse Collar
22:10 Ballistics
29:28 Bow Saw
Ezio
9:37 Feudal Age
8:39 Loom
13:30 Castle Age
13:29 Double-Bit Axe
24:50 Imperial Age
25:01 Chemistry
24:40 Crossbowman
25:07 Crossbowman
26:10 Fletching
ITA | Killer_Storm_
8:00 Feudal Age
8:34 Double-Bit Axe
11:04 Fletching
17:08 Castle Age
15:19 Horse Collar
15:38 Stone Mining
16:39 Loom
18:23 Horse Collar
18:54 Bow Saw
19:49 Bodkin Arrow
25:20 Imperial Age
24:17 Heavy Plow
27:01 Chemistry
Zuccolo
10:52 Feudal Age
12:09 Double-Bit Axe
14:31 Castle Age
12:39 Horse Collar
16:46 Light Cavalry
20:27 Wheelbarrow
20:12 Heavy Plow
21:22 Town Watch
22:12 Bow Saw
23:18 Loom
23:51 Hand Cart
25:02 Stone Mining
25:02 Gold Mining
29:36 Imperial Age
27:21 Bloodlines
27:58 Scale Barding Armor
28:04 Forging
29:21 Husbandry
29:43 Chain Barding Armor
Carnage
6:50 Loom
9:04 Feudal Age
9:44 Double-Bit Axe
10:03 Horse Collar
18:25 Castle Age
17:40 Padded Archer Armor
17:33 Gold Mining
17:35 Stone Mining
19:30 Bow Saw
20:20 Wheelbarrow
21:29 Fletching
23:29 Town Watch
29:14 Leather Archer Armor
Connection lost

Rejoining the realm…

Still unreachable

The connection could not be restored.

Session expired

The server has moved on; the page needs a fresh start.